[Event "Titled Tuesday Blitz March 22 Late 2022"]
[White "Jary, Sergey"]
[Black "Indjic, Aleksandar"]
[WhiteFideId "14110350"]
[BlackFideId "911925"]
[WhiteElo "2260"]
[BlackElo "2616"]
[Result "0-1"]
[Round "04"]
[TimeControl "180+1"]
[Date "2022.03.22"]
[WhiteClock "0:00:01"]
[BlackClock "0:00:16"]

1. e4 c6 2. Nc3 d5 3. Nf3 Bg4 4. h3 Bxf3 5. Qxf3 e6 6. g3 Bc5 7. Bg2 Nd7 8. O-O Ne7 9. d3 O-O 10. Rd1 f5 11. exd5 exd5 12. Ne2 Ne5 13. Qh5 N5g6 14. Be3 Bd6 15. f4 Kh8 16. Bd4 Ng8 17. Qf3 Nf6 18. Re1 Qa5 19. b3 Bc5 20. Qf2 Bd6 21. Bf3 Qc7 22. Kg2 Rf7 23. a4 a5 24. Bc3 Qd7 25. Kh2 Nf8 26. Nd4 c5 27. Nb5 d4 28. Bd2 Qd8 29. Nxd6 Qxd6 30. Re5 N6d7 31. Re2 Nf6 32. Rae1 Qc7 33. Re5 g6 34. c3 Rd8 35. cxd4 Rxd4 36. Bc3 Rxd3 37. R5e3 Rxe3 38. Qxe3 Kg8 39. Be5 Qd7 40. Rd1 Qe7 41. Qc3 Ne4 42. Bxe4 fxe4 43. Qc4 Nd7 44. Qxe4 Nxe5 45. Qxe5 Qxe5 46. fxe5 Re7 47. Re1 Kf7 48. Kg2 Ke6 49. Kf3 Rd7 50. Rc1 b6 51. Ke3 Kxe5 52. Rf1 h6 53. g4 Rd4 54. Rf8 Rb4 55. Re8+ Kf6 56. Rf8+ Ke7 57. Rg8 Rxb3+ 58. Kf4 Kf7 59. Rb8 Ke6 0-1


[Site "https://www.chess.com"]

[Event "Titled Tuesday Blitz March 22 Late 2022"]
[White "Kamsky, Gata"]
[Black "Jobava, Baadur"]
[WhiteFideId "2000024"]
[BlackFideId "13601520"]
[WhiteElo "2645"]
[BlackElo "2617"]
[Result "1-0"]
[Round "04"]
[TimeControl "180+1"]
[Date "2022.03.22"]
[WhiteClock "0:00:13"]
[BlackClock "0:00:06"]

1. d4 Nf6 2. Nf3 e6 3. Bf4 b6 4. e3 Bb7 5. a4 Nc6 6. Nbd2 h6 7. h3 Bd6 8. Ne5 O-O 9. Be2 Be7 10. Bf3 d5 11. Nxc6 Bxc6 12. O-O a5 13. c4 Qd7 14. b3 Bb7 15. Rc1 Rac8 16. Be5 Rfd8 17. Qc2 c5 18. Qb2 Ba6 19. Rfd1 Qe8 20. cxd5 exd5 21. Nb1 Qf8 22. Be2 Bxe2 23. Qxe2 Ne4 24. dxc5 bxc5 25. Nc3 Nxc3 26. Bxc3 Ra8 27. Qf3 d4 28. exd4 cxd4 29. Bxd4 Bb4 30. Be3 Qe7 31. Qg4 Qf6 32. Bd4 Qg5 33. Qxg5 hxg5 34. Be3 f6 35. Kf1 Kf7 36. Ke2 Ke6 37. Rc6+ Kf5 38. Rxd8 Rxd8 39. Rc7 Kg6 40. Rc2 Rd7 41. Bd2 Bxd2 42. Rxd2 Rb7 43. Rd3 Rb4 44. Kd2 g4 45. hxg4 Kg5 46. Rg3 Kf4 47. Kc3 g5 48. Rd3 Rb8 49. Rf3+ Kxg4 50. Rxf6 Rc8+ 51. Kb2 Re8 52. Ka3 Re1 53. Ra6 Ra1+ 54. Kb2 Rf1 55. f3+ Kh4 56. Rxa5 Rf2+ 57. Kc3 Rxg2 58. Rf5 Ra2 59. Kb4 Ra1 60. a5 Kh5 61. Kb5 Kg6 62. Rd5 Rf1 63. Rd3 Ra1 64. b4 Kf5 65. a6 Kf4 66. Kb6 1-0


[Site "https://www.chess.com"]

[Event "Titled Tuesday Blitz March 22 Late 2022"]
[White "Karas, Marek"]
[Black "Goltsev, Dmitry"]
[WhiteFideId "14928558"]
[BlackFideId "24176710"]
[WhiteElo "2271"]
[BlackElo "2273"]
[Result "1-0"]
[Round "04"]
[TimeControl "180+1"]
[Date "2022.03.22"]
[WhiteClock "0:00:25"]
[BlackClock "0:00:27"]

1. d4 Nf6 2. Nf3 e6 3. c4 Bb4+ 4. Nc3 Qe7 5. Bd2 b6 6. e3 Bb7 7. Bd3 O-O 8. O-O Bxc3 9. Bxc3 Ne4 10. Bxe4 Bxe4 11. d5 exd5 12. cxd5 c5 13. dxc6 Nxc6 14. Nd4 Ne5 15. f3 Bg6 16. e4 f6 17. Qb3+ Bf7 18. Qb4 Qxb4 19. Bxb4 Rfc8 20. Bc3 Rc4 21. Nf5 Kf8 22. Rfd1 a5 23. Rd6 b5 24. Bxe5 fxe5 25. Rxd7 Be6 26. Rd2 Bxf5 27. exf5 Rac8 28. Rad1 Rc2 29. Kf2 Kf7 30. Ke3 Kf6 31. g4 Kg5 32. Rd7 g6 33. Rxh7 Rxb2 34. h4+ Kf6 35. Rd6# 1-0


[Site "https://www.chess.com"]

[Event "Titled Tuesday Blitz March 22 Late 2022"]
[White "Kashefi, Amir Hosein"]
[Black "Rolfe, Warrick"]
[WhiteFideId "12557935"]
[BlackFideId "2603802"]
[WhiteElo "2107"]
[BlackElo "2553"]
[Result "0-1"]
[Round "04"]
[TimeControl "180+1"]
[Date "2022.03.22"]
[WhiteClock "0:00:01"]
[BlackClock "0:00:38"]

1. d4 Nf6 2. Nf3 g6 3. g3 Bg7 4. Bg2 O-O 5. O-O d6 6. b3 Nbd7 7. Bb2 e5 8. dxe5 Ng4 9. Nbd2 Ngxe5 10. Nxe5 Nxe5 11. Qc1 Bg4 12. Nf3 Nxf3+ 13. Bxf3 Bxf3 14. exf3 Re8 15. c4 Re2 16. Bxg7 Kxg7 17. Re1 Rxe1+ 18. Qxe1 Qf6 19. Kg2 Kf8 20. Rd1 Re8 21. Qd2 Qe5 22. Qc1 b6 23. Rd3 Qa5 24. Qb2 Kg8 25. h4 Qe5 26. Qc2 Qf5 27. Qd2 a5 28. Rd5 Qe6 29. h5 Qe1 30. Qd4 Re5 31. hxg6 hxg6 32. Rxe5 Qxe5 33. Qg4 Kg7 34. Qd7 Qc5 35. Qg4 d5 36. cxd5 Qxd5 37. Qf4 Qc5 38. Qe4 b5 39. Qe1 a4 40. Qe4 axb3 41. axb3 b4 42. f4 c6 43. Qd3 Qc3 44. Qd1 c5 45. Qd5 c4 46. bxc4 b3 47. Qb5 b2 48. c5 Qc2 49. c6 Qe4+ 0-1


[Site "https://www.chess.com"]

[Event "Titled Tuesday Blitz March 22 Late 2022"]
[White "Kollars, Dmitrij"]
[Black "Kozin, Yuri"]
[WhiteFideId "12909572"]
[BlackFideId "4129920"]
[WhiteElo "2584"]
[BlackElo "2545"]
[Result "1-0"]
[Round "04"]
[TimeControl "180+1"]
[Date "2022.03.22"]
[WhiteClock "0:00:15"]
[BlackClock "0:00:01"]

1. c4 c5 2. g3 Nf6 3. Bg2 e6 4. Nf3 Be7 5. O-O O-O 6. d4 cxd4 7. Nxd4 d6 8. Nc3 a6 9. b3 Qc7 10. Bb2 Nbd7 11. a4 Ne5 12. a5 Bd7 13. Qd2 Rad8 14. Na4 Bxa4 15. Rxa4 Nc6 16. Rd1 Nxd4 17. Bxd4 Nd7 18. Ra2 Bf6 19. Be3 Be7 20. Qb4 Rb8 21. Rad2 Rfe8 22. Bf4 e5 23. Be3 d5 24. Bb6 Nxb6 25. axb6 Qd7 26. Qa5 d4 27. Qxe5 Bf6 28. Qc7 Qe6 29. Bxb7 Be5 30. Qc6 Qf5 31. c5 a5 32. Qf3 Qe6 33. Bd5 Qe7 34. b7 Bf6 35. c6 Qd6 36. e3 Re5 37. Bc4 Rc5 38. Rxd4 Bxd4 39. Qxf7+ Kh8 40. Rxd4 Qxc6 41. Rd7 Qg6 42. Qe7 Qf6 43. Qxc5 1-0


[Site "https://www.chess.com"]

[Event "Titled Tuesday Blitz March 22 Late 2022"]
[White "Kostiukov, Alexandr"]
[Black "Necula, Iulian"]
[WhiteFideId "14108100"]
[BlackFideId "1232380"]
[WhiteElo "2202"]
[BlackElo "1776"]
[Result "1-0"]
[Round "04"]
[TimeControl "180+1"]
[Date "2022.03.22"]
[WhiteClock "0:00:24"]
[BlackClock "0:00:43"]

1. e4 g6 2. d4 c6 3. Nc3 d5 4. exd5 cxd5 5. Bb5+ Nc6 6. Nge2 Bg7 7. O-O Nf6 8. Bg5 O-O 9. Qd2 Ne4 10. Nxe4 dxe4 11. c3 Qb6 12. Ba4 Qc7 13. Rad1 Bg4 14. h3 Bxe2 15. Qxe2 h6 16. Bh4 g5 17. Bg3 e5 18. Qxe4 f5 19. Qd5+ Kh7 20. dxe5 Bxe5 21. Qd7+ Qxd7 22. Rxd7+ Kg6 23. Bxc6 Bxg3 24. Bxb7 Bxf2+ 25. Rxf2 Rab8 26. c4 f4 27. c5 Rf6 28. c6 Rff8 29. a4 a5 30. Rfd2 Kf6 31. R2d6+ Kf5 32. Kf2 h5 33. Rd5+ Kg6 34. Rxa5 g4 35. hxg4 hxg4 36. Rd6+ Rf6 37. Rxf6+ Kxf6 38. c7 Rxb7 39. c8=Q Rxb2+ 40. Ke1 f3 41. Qf5+ Ke7 42. Ra7+ Kd6 43. Rd7+ Kc6 44. Qd5+ Kb6 45. Qb7+ Ka5 46. Qxb2 fxg2 47. Ra7# 1-0


[Site "https://www.chess.com"]

[Event "Titled Tuesday Blitz March 22 Late 2022"]
[White "Koutlas, Nikolaos"]
[Black "Sanal, Vahap"]
[WhiteFideId "25827138"]
[BlackFideId "6300545"]
[WhiteElo "1610"]
[BlackElo "2603"]
[Result "0-1"]
[Round "04"]
[TimeControl "180+1"]
[Date "2022.03.22"]
[WhiteClock "0:00:05"]
[BlackClock "0:02:12"]

1. e4 d6 2. d4 f6 3. Bc4 e6 4. f4 d5 5. Bd3 f5 6. exd5 exd5 7. Nf3 Nf6 8. O-O Be7 9. c4 c6 10. Nc3 O-O 11. Ne5 Be6 12. c5 Ne4 13. Be3 Nd7 14. Rc1 Nxe5 15. fxe5 Bg5 16. Qe2 h6 17. Bf4 Qa5 18. a3 Rae8 19. Bxg5 hxg5 20. b4 Qd8 21. a4 g4 22. Nd1 Qg5 23. Ne3 f4 24. Nc4 f3 25. Qc2 f2+ 26. Kh1 Ng3+ 0-1


[Site "https://www.chess.com"]

[Event "Titled Tuesday Blitz March 22 Late 2022"]
[White "Krishnan, Varun"]
[Black "Rustemov, Alexander"]
[WhiteFideId "5054508"]
[BlackFideId "4119002"]
[WhiteElo "2604"]
[BlackElo "2790"]
[Result "0-1"]
[Round "04"]
[TimeControl "180+1"]
[Date "2022.03.22"]
[WhiteClock "0:00:56"]
[BlackClock "0:01:04"]

1. e4 e6 2. d4 d5 3. Nc3 Bb4 4. e5 c5 5. a3 Bxc3+ 6. bxc3 Ne7 7. Nf3 h6 8. a4 Qc7 9. Bb5+ Bd7 10. Bxd7+ Nxd7 11. O-O O-O 12. Ba3 Nc6 13. Nd2 Rfc8 14. Nb3 cxd4 15. cxd4 Na5 16. Bd6 Qd8 17. f4 Nc4 18. Qd3 Nxd6 19. exd6 Nf6 20. f5 Qxd6 21. fxe6 Qxe6 22. Nc5 Qc6 23. a5 b6 24. Nb3 Ne4 25. Qf3 Qe6 26. Qe3 Rxc2 27. axb6 Qxb6 28. Ra5 Rc3 29. Qf4 Rxb3 30. Qxf7+ Kh8 31. Rxd5 Rb1 32. Rd7 Rxf1+ 33. Qxf1 Nf6 34. Rf7 Qxd4+ 35. Kh1 Rd8 36. h3 Qd1 37. Qxd1 Rxd1+ 38. Kh2 a5 39. Ra7 Rd5 40. g4 g5 41. Kg3 Kg8 42. Kf3 Re5 43. Ra6 Kf7 44. Ra7+ Kg6 45. Ra6 Rb5 46. Ke3 Rb3+ 47. Kd4 Rxh3 48. Ke5 Re3+ 49. Kd4 Re8 50. Rxa5 Re4+ 51. Kd3 Rxg4 0-1


[Site "https://www.chess.com"]

[Event "Titled Tuesday Blitz March 22 Late 2022"]
[White "Ladan, Nicholas"]
[Black "Broca Jimenez, Fernando"]
[WhiteFideId "30918855"]
[BlackFideId "5104742"]
[WhiteElo "2167"]
[BlackElo "2062"]
[Result "1-0"]
[Round "04"]
[TimeControl "180+1"]
[Date "2022.03.22"]
[WhiteClock "0:00:22"]
[BlackClock "0:00:01"]

1. d4 Nf6 2. Bf4 g6 3. Nf3 Bg7 4. Nc3 O-O 5. e4 d6 6. Qd2 c5 7. dxc5 dxc5 8. O-O-O Qxd2+ 9. Nxd2 Nc6 10. f3 Be6 11. Bc4 Nd4 12. Be5 Rfd8 13. g4 Bxc4 14. Nxc4 Nxf3 15. Bxf6 Bxf6 16. Nd5 Bg5+ 17. Kb1 e6 18. Nc7 Rac8 19. Nb5 a6 20. Nbd6 Rc7 21. a4 Rcd7 22. Rd3 Nd2+ 23. Nxd2 Rxd6 24. Nf3 Rxd3 25. cxd3 Bf6 26. Kc2 Kf8 27. g5 Bg7 28. h4 Ke7 29. h5 Rh8 30. h6 Bd4 31. Kb3 Rd8 32. Kc4 Rd6 33. b4 e5 34. bxc5 Rc6 35. Nxd4 exd4 36. Kxd4 Ke6 37. Rf1 Rc7 38. Rf6+ Ke7 39. Rd6 Rc8 40. e5 1-0


[Site "https://www.chess.com"]

[Event "Titled Tuesday Blitz March 22 Late 2022"]
[White "Lazavik, Denis"]
[Black "Hambleton, Aman"]
[WhiteFideId "13515110"]
[BlackFideId "2606577"]
[WhiteElo "2437"]
[BlackElo "2552"]
[Result "0-1"]
[Round "04"]
[TimeControl "180+1"]
[Date "2022.03.22"]
[WhiteClock "0:00:09"]
[BlackClock "0:00:05"]

1. d4 Nf6 2. c4 e6 3. Nf3 b6 4. g3 Ba6 5. b3 Bb4+ 6. Bd2 c5 7. Bg2 Bb7 8. O-O O-O 9. Bxb4 cxb4 10. Nbd2 d6 11. Qc2 Re8 12. e4 e5 13. Rad1 Qc7 14. Rfe1 a5 15. Nf1 b5 16. c5 Nbd7 17. Rc1 Rac8 18. Qd3 dxc5 19. Qxb5 Bc6 20. Qd3 cxd4 21. N1d2 Qb7 22. Nh4 Bb5 23. Qf3 Rc3 24. Qf5 Qc8 25. Rcd1 Nc5 26. Bf1 Bxf1 27. Kxf1 Qa6+ 28. Kg2 Qe6 29. Nc4 a4 30. Qxe6 Rxe6 31. f4 exf4 32. Rxd4 g5 33. Nf5 h5 34. e5 Ng4 35. Rd8+ Kh7 36. gxf4 Rc2+ 37. Rd2 Rxd2+ 38. Nxd2 gxf4 39. Nf3 axb3 40. axb3 Kg6 41. N5h4+ Kh6 42. h3 Ne3+ 43. Kf2 Nd3+ 44. Ke2 Nxe1 45. Kxe1 f6 46. exf6 Nf5+ 47. Kf2 Nxh4 48. Nxh4 Kg5 49. Kf3 Kxh4 50. f7 Rf6 0-1


[Site "https://www.chess.com"]

[Event "Titled Tuesday Blitz March 22 Late 2022"]
[White "Levitskiy, Andrey"]
[Black "Chyngyz, Sultai"]
[WhiteFideId "14132885"]
[BlackFideId "13803158"]
[WhiteElo "2301"]
[BlackElo "1365"]
[Result "0-1"]
[Round "04"]
[TimeControl "180+1"]
[Date "2022.03.22"]
[WhiteClock "0:00:01"]
[BlackClock "0:00:10"]

1. d4 Nf6 2. Bf4 g6 3. e3 Bg7 4. Nf3 O-O 5. Be2 d6 6. O-O Nc6 7. h3 Qe8 8. Nc3 e5 9. Bh2 exd4 10. exd4 a6 11. Re1 Qd8 12. a4 Bf5 13. Bd3 Bxd3 14. Qxd3 Re8 15. Qc4 Qd7 16. b4 Rxe1+ 17. Rxe1 Re8 18. Rxe8+ Nxe8 19. d5 Ne5 20. Nxe5 dxe5 21. Ne4 Qxa4 22. Bg3 Nd6 23. Nxd6 cxd6 24. Qc8+ Bf8 25. Bh4 Kg7 26. Qd8 Qa1+ 27. Kh2 e4 28. Qe8 Qe5+ 29. Qxe5+ dxe5 30. c3 f5 31. Bd8 Kf7 32. Kg3 Ke8 33. Bc7 Bg7 34. c4 Kd7 35. Bb8 b6 36. c5 a5 37. bxa5 bxc5 38. a6 Kc8 39. a7 Kb7 40. d6 Bf6 41. d7 c4 42. Kh2 c3 0-1


[Site "https://www.chess.com"]

[Event "Titled Tuesday Blitz March 22 Late 2022"]
[White "Lin, Dachey"]
[Black "Dilanyan, Grigor"]
[WhiteFideId "2029650"]
[BlackFideId "13303570"]
[WhiteElo "2313"]
[BlackElo "2279"]
[Result "1-0"]
[Round "04"]
[TimeControl "180+1"]
[Date "2022.03.22"]
[WhiteClock "0:01:05"]
[BlackClock "0:00:05"]

1. g4 d6 2. Bg2 c6 3. g5 e5 4. d4 Nd7 5. Nc3 Be7 6. h4 Qc7 7. e4 b5 8. a3 Bb7 9. Be3 a6 10. Nge2 h6 11. Qd2 exd4 12. Qxd4 Ne5 13. O-O-O c5 14. Qd2 Nc4 15. Nd5 Bxd5 16. Qxd5 Rb8 17. Bf4 Bf8 18. Qd3 Ne7 19. Nc3 Ng6 20. Nd5 Qa5 21. Bd2 Nxd2 22. Qxd2 Qxd2+ 23. Rxd2 Be7 24. f4 hxg5 25. hxg5 Rxh1+ 26. Bxh1 b4 27. axb4 cxb4 28. b3 Rc8 29. Bg2 Rc5 30. Bf1 f5 31. exf5 Nxf4 32. Nxf4 Bxg5 33. Ne6 Rd5 34. Nxg5 1-0


[Site "https://www.chess.com"]

[Event "Titled Tuesday Blitz March 22 Late 2022"]
[White "Maghsoodloo, Parham"]
[Black "Jones, Gawain C B"]
[WhiteFideId "12539929"]
[BlackFideId "409561"]
[WhiteElo "2630"]
[BlackElo "2657"]
[Result "0-1"]
[Round "04"]
[TimeControl "180+1"]
[Date "2022.03.22"]
[WhiteClock "0:00:16"]
[BlackClock "0:00:31"]

1. d4 Nf6 2. c4 g6 3. Nc3 Bg7 4. e4 d6 5. Be2 O-O 6. Bg5 c5 7. d5 h6 8. Bh4 b5 9. cxb5 a6 10. a4 Qa5 11. Qd2 Qb4 12. Nf3 Nxe4 13. Nxe4 Qxe4 14. O-O g5 15. Bg3 Bb7 16. Rfd1 Nd7 17. h4 g4 18. Nh2 Nf6 19. Ra3 axb5 20. Bxb5 Qxd5 21. Qxd5 Nxd5 22. Nxg4 f5 23. Bc4 fxg4 24. Rb3 Rxa4 25. Rxb7 Rxc4 26. Rxd5 Bf6 27. h5 Ra8 28. Kh2 Ra1 29. Rf5 Rd4 30. Bf4 Rxf4 31. Rxf4 Be5 32. Kg3 Ra4 33. b4 Rxb4 0-1


[Site "https://www.chess.com"]

[Event "Titled Tuesday Blitz March 22 Late 2022"]
[White "Mangialardo, Tiago Carvalho"]
[Black "Martin Barcelo, Carles"]
[WhiteFideId "2130718"]
[BlackFideId "24561444"]
[WhiteElo "2100"]
[BlackElo "1875"]
[Result "0-1"]
[Round "04"]
[TimeControl "180+1"]
[Date "2022.03.22"]
[WhiteClock "0:00:01"]
[BlackClock "0:00:50"]

1. e4 e6 2. d4 d5 3. exd5 exd5 4. Nf3 Nc6 5. Be2 Bd6 6. O-O Nge7 7. c3 Bg4 8. Be3 Qd7 9. Nbd2 f6 10. Qc2 O-O-O 11. b4 Nf5 12. b5 Nce7 13. Qa4 Kb8 14. Nb3 Rhe8 15. Nc5 Bxc5 16. dxc5 Nxe3 17. fxe3 Qe6 18. Rab1 Qxe3+ 19. Kh1 Bxf3 20. Bxf3 Qxc5 21. Rfc1 Nc8 22. Qb3 Nb6 23. a4 Qc4 24. Qa3 Qxa4 25. Qc5 Qc4 26. Qa3 Re3 27. Ra1 Nc8 28. h3 Rde8 29. Ra2 Re1+ 30. Rxe1 Rxe1+ 31. Kh2 Qf4+ 0-1


[Site "https://www.chess.com"]

[Event "Titled Tuesday Blitz March 22 Late 2022"]
[White "Manukian, Artak"]
[Black "Gabrielian, Artur"]
[WhiteFideId "13301373"]
[BlackFideId "4131002"]
[WhiteElo "2437"]
[BlackElo "2440"]
[Result "0-1"]
[Round "04"]
[TimeControl "180+1"]
[Date "2022.03.22"]
[WhiteClock "0:00:09"]
[BlackClock "0:00:38"]

1. e4 c5 2. Nf3 d6 3. Bb5+ Bd7 4. Bxd7+ Qxd7 5. c4 g6 6. d4 Bg7 7. d5 b5 8. O-O bxc4 9. Qc2 Nf6 10. Na3 Na6 11. Nxc4 Nb4 12. Qe2 O-O 13. Re1 Rab8 14. a3 Na6 15. Nce5 dxe5 16. Qxa6 Ne8 17. Be3 Rxb2 18. Bxc5 Nd6 19. Bxd6 exd6 20. Rab1 Rfb8 21. Rxb2 Rxb2 22. h3 Bh6 23. Rd1 Kg7 24. Qc6 Qd8 25. Qc3 Qb6 26. Rf1 Bf4 27. Ne1 Rb3 28. Qc6 Qxc6 29. dxc6 Rxa3 30. Nc2 Rc3 31. Nb4 a5 32. Nd5 Rxc6 33. Nxf4 exf4 34. Ra1 Ra6 35. Kf1 a4 36. Ke2 a3 37. Kf3 g5 38. Kg4 f6 39. Kf5 Kf7 40. h4 Ra5+ 41. Kg4 h6 42. Ra2 Kg6 43. h5+ Kf7 44. f3 Ke6 45. Kh3 f5 46. exf5+ Kxf5 0-1


[Site "https://www.chess.com"]

[Event "Titled Tuesday Blitz March 22 Late 2022"]
[White "Manukyan, Sargis A."]
[Black "Hakobyan, Aram"]
[WhiteFideId "13303970"]
[BlackFideId "13306677"]
[WhiteElo "2187"]
[BlackElo "2557"]
[Result "0-1"]
[Round "04"]
[TimeControl "180+1"]
[Date "2022.03.22"]
[WhiteClock "0:00:10"]
[BlackClock "0:00:20"]

1. d4 Nf6 2. c4 e6 3. Nc3 Bb4 4. a3 Bxc3+ 5. bxc3 c5 6. e3 d6 7. Bd3 Nc6 8. Ne2 e5 9. d5 Ne7 10. Ng3 O-O 11. O-O Ng6 12. f4 Re8 13. f5 Nf8 14. e4 h6 15. Nh5 N8h7 16. Nxf6+ Nxf6 17. g4 Nh7 18. Qe1 f6 19. h4 Kf7 20. Ra2 Ke7 21. Rg2 Kd7 22. g5 hxg5 23. hxg5 fxg5 24. Qg3 Kc7 25. Bxg5 Nf6 26. Bh4 Rg8 27. Qg6 Bd7 28. Qf7 Qf8 29. Qxf8 Raxf8 30. Kf2 Nh5 31. Bg5 g6 32. Be2 gxf5 33. Rfg1 fxe4+ 34. Ke3 Nf6 35. Bxf6 Rxg2 36. Rxg2 Rxf6 37. Rg7 Kd8 38. Rg8+ Ke7 39. Bh5 Rh6 40. Rg7+ Kd8 41. Bf7 Rh3+ 42. Kxe4 Rxc3 43. Be6 Rxc4+ 44. Kf5 Rf4+ 45. Kg5 Bxe6 46. dxe6 Ke8 47. Rxb7 c4 48. Rd7 c3 49. Rxd6 c2 50. Rc6 Rf2 51. Rc7 e4 52. Kg4 e3 53. Kg3 Rd2 54. Rc8+ Ke7 55. Rc7+ Kxe6 56. Rc3 e2 57. Kf2 e1=Q+ 58. Kxe1 Rd1+ 0-1


[Site "https://www.chess.com"]

[Event "Titled Tuesday Blitz March 22 Late 2022"]
[White "Marcziter, Dmitrii"]
[Black "Urbina Perez, Juan Antonio"]
[WhiteFideId "13900765"]
[BlackFideId "2217368"]
[WhiteElo "2155"]
[BlackElo "2192"]
[Result "1-0"]
[Round "04"]
[TimeControl "180+1"]
[Date "2022.03.22"]
[WhiteClock "0:01:25"]
[BlackClock "0:01:15"]

1. d4 d5 2. c4 c6 3. Nf3 Nf6 4. Nc3 a6 5. c5 Bf5 6. Bf4 e6 7. h3 Be7 8. Nh4 O-O 9. Nxf5 exf5 10. e3 Re8 11. Bd3 g6 12. O-O Ne4 13. Na4 Nd7 14. f3 Nef6 15. Nc3 Qc8 16. Qd2 Bd8 17. g4 fxg4 18. hxg4 h5 19. g5 Nh7 20. Qg2 Ndf8 21. Rae1 Ne6 22. Be5 Nexg5 23. f4 Rxe5 24. dxe5 Ne4 25. Nxe4 dxe4 26. Bxe4 Be7 27. b4 a5 28. a3 axb4 29. axb4 Ra3 30. f5 g5 31. f6 Bf8 32. Bxh7+ Kxh7 33. Qxg5 Qh3 34. Qf5+ Qxf5 35. Rxf5 Kg6 36. Rf4 Bh6 37. Rf3 Rb3 38. Kh2 Rxb4 39. Rg1+ Kh7 40. e6 fxe6 41. f7 Bf8 42. Rg8 Bxc5 43. f8=Q Bxf8 44. Rgxf8 b5 45. R8f6 Rc4 46. Rxe6 b4 47. Rf4 Rc2+ 48. Kg3 b3 49. Rb4 b2 50. Re7+ Kg6 51. Reb7 Rc3 52. Kf3 h4 53. Rxh4 c5 54. Rxb2 Rc1 55. Rg2+ Kf5 56. Rh5+ Ke6 57. Rg6+ Kf7 58. Rc6 Rf1+ 59. Ke2 Rc1 60. Rhxc5 1-0


[Site "https://www.chess.com"]

[Event "Titled Tuesday Blitz March 22 Late 2022"]
[White "Martin Carmona, Gaston Manuel"]
[Black "Lauridsen, Jesper Morch"]
[WhiteFideId "22284567"]
[BlackFideId "1401890"]
[WhiteElo "2161"]
[BlackElo "2268"]
[Result "1-0"]
[Round "04"]
[TimeControl "180+1"]
[Date "2022.03.22"]
[WhiteClock "0:00:34"]
[BlackClock "0:00:01"]

1. d4 Nf6 2. c4 e6 3. Nf3 c5 4. g3 g6 5. Bg2 Bg7 6. Nc3 O-O 7. O-O cxd4 8. Nxd4 Nc6 9. Nc2 b6 10. b3 Bb7 11. Ba3 Re8 12. Bd6 Na5 13. Qd3 Bxg2 14. Kxg2 Nb7 15. Be5 d6 16. Bxf6 Qxf6 17. Ne4 Qe5 18. Rad1 Rad8 19. Ne3 Nc5 20. Nxc5 Qxc5 21. h4 Qc6+ 22. f3 Be5 23. h5 d5 24. cxd5 exd5 25. Nxd5 Kg7 26. e4 gxh5 27. Rh1 Qg6 28. f4 Bxf4 29. Qc3+ Be5 30. Qf3 Rc8 31. Rd2 Bd6 32. Re2 Qg4 33. Rh4 Qxf3+ 34. Kxf3 Rc1 35. Rxh5 Rf1+ 36. Kg2 Rd1 37. Nc3 Rd3 38. Nd5 Rxg3+ 39. Kf2 Rg6 40. Rf5 Bc5+ 41. Kf3 h6 42. Rg2 Rxg2 43. Kxg2 Rxe4 44. Kf3 Re6 45. Rh5 Rg6 46. Nf4 Rg5 47. Rh1 Rf5 48. Ke4 Rg5 49. Rh2 Rg4 50. Rd2 1-0


[Site "https://www.chess.com"]

[Event "Titled Tuesday Blitz March 22 Late 2022"]
[White "Martinez Alcantara, Jose Eduardo"]
[Black "Wieczorek, Oskar"]
[WhiteFideId "3805662"]
[BlackFideId "1133950"]
[WhiteElo "2690"]
[BlackElo "2319"]
[Result "1-0"]
[Round "04"]
[TimeControl "180+1"]
[Date "2022.03.22"]
[WhiteClock "0:01:24"]
[BlackClock "0:00:26"]

1. e4 c5 2. Nf3 g6 3. Bc4 Bg7 4. d3 Nc6 5. O-O e6 6. Nc3 Nge7 7. a3 b6 8. Ba2 Bb7 9. Bf4 d6 10. Qd2 h6 11. h3 g5 12. Bg3 Ng6 13. Rae1 a6 14. Ne2 Nce5 15. Nh2 h5 16. f3 Bh6 17. Qd1 Qf6 18. Kh1 Nf4 19. Nxf4 gxf4 20. Bf2 b5 21. d4 cxd4 22. Qxd4 Qe7 23. Rd1 Rd8 24. Rg1 Bg5 25. c4 bxc4 26. Bxc4 Bf6 27. Be2 Kf8 28. Qd2 Ng6 29. b4 d5 30. Bc5 1-0


[Site "https://www.chess.com"]

[Event "Titled Tuesday Blitz March 22 Late 2022"]
[White "Matlakov, Maxim"]
[Black "Beerdsen, Thomas"]
[WhiteFideId "4168003"]
[BlackFideId "1030108"]
[WhiteElo "2669"]
[BlackElo "2585"]
[Result "1-0"]
[Round "04"]
[TimeControl "180+1"]
[Date "2022.03.22"]
[WhiteClock "0:00:36"]
[BlackClock "0:00:12"]

1. e4 e5 2. Nf3 Nc6 3. Bc4 Nf6 4. d4 exd4 5. e5 d5 6. Bb5 Nd7 7. O-O Be7 8. c3 dxc3 9. Nxc3 O-O 10. Qxd5 Nb4 11. Qe4 c6 12. Be2 Qa5 13. a3 Nd5 14. Bd2 Nxc3 15. Bxc3 Qd5 16. Qc2 Nc5 17. Bb4 Re8 18. Rad1 Qe6 19. Bxc5 Bd8 20. Rd6 Qg4 21. h3 Qh5 22. Rfd1 Be7 23. R6d4 Bf5 24. Bd3 Bxh3 25. Bxe7 Rxe7 26. Rh4 1-0


[Site "https://www.chess.com"]

[Event "Titled Tuesday Blitz March 22 Late 2022"]
[White "Mekhitarian, Krikor Sevag"]
[Black "Weber, Samuel"]
[WhiteFideId "2107660"]
[BlackFideId "12924008"]
[WhiteElo "2598"]
[BlackElo "2215"]
[Result "0-1"]
[Round "04"]
[TimeControl "180+1"]
[Date "2022.03.22"]
[WhiteClock "0:00:05"]
[BlackClock "0:00:10"]

1. e4 e5 2. Nf3 Nc6 3. Bc4 Bc5 4. c3 Nf6 5. d4 exd4 6. cxd4 Bb4+ 7. Nbd2 Nxe4 8. d5 Bxd2+ 9. Bxd2 Ne7 10. Be3 O-O 11. Qd3 Nf6 12. d6 cxd6 13. O-O-O b5 14. Bb3 Bb7 15. Ng5 Rc8+ 16. Kd2 h6 17. h4 hxg5 18. hxg5 Ne4+ 19. Ke1 Ng6 20. Qe2 Re8 21. Qh5 Kf8 22. Kf1 b4 23. Kg1 Ng3 24. Qh7 Nxh1 25. Bd4 Re5 26. Kxh1 Qxg5 27. Bxe5 Qxg2# 0-1


[Site "https://www.chess.com"]

[Event "Titled Tuesday Blitz March 22 Late 2022"]
[White "Melaugh, Shane"]
[Black "Adewumi, Tanitoluwa"]
[WhiteFideId "2509580"]
[BlackFideId "30966396"]
[WhiteElo "2014"]
[BlackElo "2535"]
[Result "0-1"]
[Round "04"]
[TimeControl "180+1"]
[Date "2022.03.22"]
[WhiteClock "0:01:02"]
[BlackClock "0:00:48"]

1. c4 e6 2. Nc3 c5 3. e4 Nc6 4. Nf3 Nf6 5. d4 cxd4 6. Nxd4 Bb4 7. Nxc6 bxc6 8. Bd3 e5 9. O-O O-O 10. Ne2 d5 11. cxd5 cxd5 12. exd5 Qxd5 13. Ng3 Bb7 14. f3 Rad8 15. Qa4 Bc5+ 16. Kh1 Qxd3 17. Bg5 Qg6 18. f4 Rd2 19. Rg1 Ng4 20. h3 Qd3 21. Bh4 Bxg1 22. Rxg1 Rxg2 23. Rxg2 Qb1+ 24. Nf1 Qxf1# 0-1


[Site "https://www.chess.com"]

[Event "Titled Tuesday Blitz March 22 Late 2022"]
[White "Mikhailov, Viacheslav"]
[Black "Mikhalsky, Vladimir"]
[WhiteFideId "4187369"]
[BlackFideId "14144352"]
[WhiteElo "2381"]
[BlackElo "2301"]
[Result "1-0"]
[Round "04"]
[TimeControl "180+1"]
[Date "2022.03.22"]
[WhiteClock "0:00:06"]
[BlackClock "0:00:14"]

1. Nf3 c5 2. g3 d5 3. Bg2 f6 4. d4 cxd4 5. Nxd4 e5 6. Nb3 Ne7 7. O-O Nbc6 8. c4 dxc4 9. Qxd8+ Kxd8 10. N3d2 Be6 11. Ne4 Kc7 12. Na3 Nf5 13. Nb5+ Kb6 14. Nbc3 Rd8 15. b3 Kc7 16. bxc4 Bxc4 17. Bb2 Nfd4 18. e3 Bxf1 19. Kxf1 Nc2 20. Rc1 N2b4 21. Rb1 a6 22. g4 Nd3 23. Ba1 Nc5 24. Nxc5 Bxc5 25. Nd5+ Kc8 26. g5 fxg5 27. Rc1 Bd6 28. Nb6+ Kc7 29. Nc4 Kb8 30. Bxc6 bxc6 31. Nxd6 Rxd6 32. Bxe5 Kc7 33. Rd1 Rd8 34. Kg2 c5 35. Kf3 Kc6 36. Bxd6 Rxd6 37. Rg1 Rf6+ 38. Ke2 h6 39. h4 Rf5 40. f3 Kb5 41. e4 Re5 42. Kd3 Kb4 43. Rb1+ Ka3 44. hxg5 Rxg5 45. Kc4 Kxa2 46. Rb6 a5 47. Ra6 Kb2 48. Rxa5 Kc2 49. Rxc5 Rg6 50. Kd4+ Kd2 51. e5 Ke2 52. Ke4 Re6 53. f4 Re8 54. f5 h5 55. Rc2+ Kd1 56. Rc7 h4 57. Rxg7 Rh8 58. f6 h3 59. Rg1+ Ke2 60. Rh1 Kf2 61. f7 Kg2 62. Ra1 h2 63. e6 Rh6 64. Ke5 Rh5+ 65. Kd6 Rh8 66. e7 Kg3 67. f8=Q Rxf8 68. exf8=Q 1-0


[Site "https://www.chess.com"]